 Dungeon Crawl Stone Soup version 0.18.1-6-gd335043 (webtiles) character file.

101918 jacquesderrida the Fighter (level 15, -5/127 HPs)
             Began as a Demonspawn Skald on May 15, 2016.
             Was an Elder of Ashenzari.
             Slain by a wolf spider (8 damage)
             ... on level 1 of the Spider Nest.
             The game lasted 01:53:14 (14893 turns).

jacquesderrida the Fighter (Demonspawn Skald)      Turns: 14893, Time: 01:53:16

Health: -5/127     AC: 17    Str: 22    XL:     15   Next: 84%
Magic:  20/29      EV: 20    Int: 14    God:    Ashenzari [****..]
Gold:   482        SH:  0    Dex: 16    Spells: 5 memorised, 10 levels left

rFire  + + +     SeeInvis +     a - +4 trident (elec) (curse)
rCold  + + .     Gourm    .     C - +2 troll leather armour {rC+} (curse)
rNeg   . . .     Faith    .     (no shield)
rPois  +         Spirit   .     (helmet restricted)
rElec  .         Dismiss  .     (no cloak)
rCorr  .         Reflect  .     L - +0 pair of gloves
SustAt .         Harm     .     (no boots)
MR     ++++.     Clarity  +     m - amulet of rage
Stlth  +.........               n - ring of Reiwkerch {+Fly MR++ Str+4}
                                h - ring "Vuptudghugh" {rPois rF+ MR+ MP+9 Str-2} (curse)

@: mighty, icy armour, very slightly contaminated, regenerating (expiring),
slow, incredibly resistant to hostile enchantments, very unstealthy
A: horns 1, icy blue scales 3, deformed body, fire resistance 2, powered by
death 2, powered by pain 3, shaggy fur 1, evolution 1
a: Curse Item, Scrying, Renounce Religion, Evoke Berserk Rage, Evoke Flight


You were on level 1 of the Spider Nest.
You worshipped Ashenzari.
Ashenzari was greatly pleased with you.
You were not hungry.

You visited 6 branches of the dungeon, and saw 29 of its levels.
You also visited: Labyrinth and Ice Cave.

You collected 2179 gold pieces.
You spent 1697 gold pieces at shops.

Inventory:

Hand Weapons
 a - a cursed +4 trident of electrocution (weapon)
 O - a +1 antimagic glaive
Armour
 C - a cursed +2 troll leather armour of cold resistance (worn)
 L - a +0 pair of gloves (worn)
Jewellery
 h - the cursed ring "Vuptudghugh" (left hand) {rPois rF+ MR+ MP+9 Str-2}
   (You bought it in a shop on level 5 of the Dungeon)

   [ring of protection from magic]

   It affects your strength (-2).
   It protects you from fire.
   It protects you from poison.
   It affects your resistance to hostile enchantments.
   It affects your magic capacity (+9).
   It has a curse placed upon it.
 m - an amulet of rage (around neck)
 n - the ring of Reiwkerch (right hand) {+Fly MR++ Str+4}
   (You found it in an ice cave)

   [ring of flight]

   It affects your strength (+4).
   It affects your resistance to hostile enchantments.
   It lets you fly.
 r - an uncursed ring of fire
 u - an uncursed ring of resist corrosion
 w - an uncursed ring of fire
 z - an uncursed amulet of magic regeneration
 K - the macabre finger necklace {rN+}
   (You found it on level 4 of the Lair of Beasts)

   [amulet of nothing]

   It protects you from negative energy.
Wands
 e - a wand of digging (0/24)
 j - a wand of digging (7/24)
 x - a wand of teleportation (2/9)
 M - a wand of heal wounds (6/9)
Scrolls
 f - 2 scrolls of magic mapping
 g - 2 scrolls of fog
 i - 5 scrolls of enchant armour
 k - 2 scrolls of recharging
 o - 3 scrolls of identify
 s - 4 scrolls of immolation
 t - 6 scrolls of teleportation
 D - 2 scrolls of enchant weapon
 G - 10 scrolls of remove curse
 H - 2 scrolls of amnesia
 Q - a scroll of blinking
 R - 3 scrolls of fear
 S - a scroll of summoning
Potions
 b - a potion of flight
 l - 2 potions of heal wounds
 p - 2 potions of mutation
 v - 2 potions of might
 A - 3 potions of cure mutation
 B - 3 potions of agility
 F - 4 potions of haste
 I - 9 potions of curing
 J - a potion of resistance
 P - a potion of cancellation
Books
 c - a book of Cantrips

   Spells                             Type                      Level
   a - Corona                         Hexes                        1
   b - Animate Skeleton               Necromancy                   1
   c - Summon Small Mammal            Summoning                    1
   d - Apportation                    Translocation                1
Miscellaneous
 y - a lamp of fire
Comestibles
 d - 9 bread rations
 q - 4 beef jerkies
 E - 8 meat rations


   Skills:
 + Level 14.6 Fighting
 + Level 13.2(16.2) Polearms
 - Level 2.5 Armour
 + Level 12.9 Dodging
 + Level 3.5 Spellcasting
 - Level 5.0 Hexes
 - Level 6.2 Charms
 - Level 6.0 Necromancy
 - Level 6.3 Translocations
 - Level 6.3 Ice Magic


You had 10 spell levels left.
You knew the following spells:

 Your Spells              Type           Power        Failure   Level  Hunger
a - Infusion              Chrm           ###.         1%          1    #......
b - Spectral Weapon       Hex/Chrm       ###.....     10%         3    ###....
c - Ozocubu's Armour      Chrm/Ice       ###.....     6%          3    ###....
d - Apportation           Tloc           ###.......   1%          1    #......
r - Regeneration          Chrm/Necr      ###.......   6%          3    ###....


Dungeon Overview and Level Annotations

Branches:
Dungeon (15/15)            Temple (1/1) D:6            Lair (8/8) D:10
 Shoals (2/4) Lair:6       Spider (1/4) Lair:3        Slime (0/6) Lair:8
    Orc (2/2) D:10            Elf (0/3) Orc:2        Vaults (0/5) D:13
 Depths (0/5) D:15

Altars:
Ashenzari
Cheibriados
Dithmenos
Elyvilon
Fedhas
Gozag
Kikubaaqudgha
Nemelex Xobeh
Okawaru
Pakellas
Qazlal
Ru
Sif Muna
Trog
Xom
Yredelemnul
Zin
The Shining One
Jiyva

Shops:
D:5 =   D:9 }   D:12 [   D:15 *   Orc:1 !   Orc:2 *!((

Annotations:
D:6 exclusions: upstairs and 1 more exclusion
D:11 no0bjke's ghost, journeyman GrBe


Innate Abilities, Weirdness & Mutations

You have a pair of small horns on your head.
You are completely covered in icy blue scales (AC +4, EV -1, rC+).
Your flesh is very heat resistant.
You regenerate health from kills.
You are powered by pain.
Armour fits poorly on your strangely shaped body.
You are covered in fur (AC +1).
You evolve.


Message History

The wolf spider misses you. x2; The wolf spider hits you!
* * * LOW HITPOINT WARNING * * *
The wolf spider closely misses you.
The wolf spider hits you but does no damage.
The wolf spider bites you but does no damage.
Unknown command.
Casting: Regeneration
Confirm with . or Enter, or press ? or * to list all spells.
You draw out your weapon's spirit!
Your skin is crawling a little less now.
The wolf spider barely misses you. The wolf spider misses you.
The wolf spider closely misses you.
The wolf spider bites you but does no damage.
You puncture the wolf spider!
There is a sudden explosion of sparks!
You headbutt the wolf spider!
The wolf spider is severely wounded.
The wolf spider hits you!
* * * LOW HITPOINT WARNING * * *
The wolf spider bites you!
You die...

, , , ###...#*#...........#
* , ,,,, ....... #.........#
, , , .#.....###........# *
, * , ,#........s.......#,##
* ***
*.........?#.....###.####**
, *
*.......s###...#.##.....##.
, #.......####.##.#........#
,
**.#....sss######.s........#
,, , #.....##@#
*#...s......# , ,*###..#
##(............### ,, ,,,
###** .............#* ,
..............# , ,
................, * *
..>.............. **** * *
................. * * **,
,................ * * * * ,,
,,,,, , , , ,


You could see a demonic crawler, 2 wolf spiders, an orb spider and a friendly
spectral trident of electrocution.

Vanquished Creatures
  Saint Roka (Orc:2)
  Rupert (D:13)
  2 fire giants
  Maud (D:12)
  A stone giant (Orc:1)
  A merfolk javelineer (Shoals:1)
  A fire dragon (Lair:8)
  A minotaur (Lab)
  4 vault guards (D:13)
  6 hydras
  A merfolk avatar (Shoals:1)
  2 centaur warriors
  A queen ant (Lair:5)
  3 orc high priests (Orc:2)
  2 unseen horrors (D:14)
  2 sea snakes (Shoals:1)
  A lindwurm (Lair:5)
  Pikel (D:5)
  8 orc knights
  17 hill giants
  2 wolf spiders (Lair:3)
  3 griffons
  5 orc sorcerers
  A shining eye (Lair:8)
  5 cyclopes
  2 manticores (Shoals:1)
  2 centaur zombies (D:13)
  8 elephants
  3 water nymphs
  2 sirens (Shoals:1)
  2 ice statues (IceCv)
  2 black mambas
  3 gargoyles
  5 komodo dragons
  7 spiny frogs
  6 rime drakes
  A kobold demonologist (D:11)
  9 ice devils (IceCv)
  5 merfolk (Shoals:1)
  5 trolls
  8 polar bears (Lair:8)
  A wind drake (Shoals:2)
  A two-headed ogre (D:10)
  2 raiju (Lair:8)
  6 blink frogs
  10 slime creatures (D:13)
  3 snapping turtles (Shoals:1)
  2 redbacks (Lair:3)
  3 wyverns
  A water elemental (Shoals:2)
  A wraith (D:13)
  36 yaks
  A human (shapeshifter) (D:14)
  A steam dragon (Lair:8)
  2 hungry ghosts
  3 vampire mosquitoes
  7 fire bats (Orc:1)
  4 hippogriffs
  A basilisk (Lair:8)
  4 mottled dragons
  14 wargs
  8 hell hounds (Lair:8)
  17 soldier ants (Lair:5)
  9 water moccasins
  14 porcupines
  22 orc warriors
  4 sky beasts
  10 ice beasts
  14 black bears
  4 swamp drakes
  3 phantoms
  A necrophage (D:9)
  An eye of draining (D:13)
  8 ogres
  5 boggarts (D:14)
  20 wolves
  4 centaurs
  17 crocodiles
  A big kobold (D:9)
  18 giant frogs
  A wyvern zombie (D:13)
  3 gnoll sergeants
  A wyvern skeleton (D:10)
  7 scorpions
  Dowan (D:5)
  18 killer bees
  8 wights
  2 howler monkeys
  An electric eel (Orc:2)
  A giant frog zombie (D:13)
  4 lava snakes (Lab)
  7 crimson imps
  23 orc priests
  2 jellies
  18 hounds
  26 orc wizards
  4 giant frog skeletons
  4 centaur skeletons
  Terence (D:3)
  9 iguanas
  40 worker ants
  30 sheep
  A hound zombie (D:5)
  A hound skeleton (D:10)
  Robin (D:3)
  9 adders
  10 gnolls
  16 river rats (Lair:6)
  A shadow imp (D:11)
  2 white imps (IceCv)
  8 ufetubi (IceCv)
  An adder zombie (D:6)
  2 adder skeletons
  2 worms
  2 dart slugs
  6 giant geckos
  70 orcs
  A ball python (D:7)
  5 bats
  A giant cockroach (D:7)
  12 goblins
  6 hobgoblins
  9 jackals
  2 kobolds (D:1)
  4 quokkas
  7 giant newts
  A jackal zombie (D:6)
  2 rats
  A plant (Lair:8)
820 creatures vanquished.

Vanquished Creatures (others)
  Duvessa (D:5)
  4 white imps (IceCv)
  3 ufetubi (IceCv)
  6 fungi (Lair:8)
  7 plants
  34 spectral weapons
55 creatures vanquished.

Grand Total: 875 creatures vanquished

Notes
Turn   | Place    | Note
--------------------------------------------------------------
     0 | D:1      | jacquesderrida the Demonspawn Skald began the quest for the Orb.
     0 | D:1      | Reached XP level 1. HP: 16/16 MP: 3/3
    30 | D:1      | Reached skill level 1 in Dodging
   373 | D:1      | Gained mutation: You regenerate a little health from kills. [demonic ancestry]
   373 | D:1      | Reached XP level 2. HP: 22/22 MP: 5/5
   965 | D:2      | Gained mutation: You sometimes gain a little power by taking damage. [demonic ancestry]
   965 | D:2      | Reached XP level 3. HP: 22/27 MP: 4/6
   986 | D:3      | Noticed Robin
   994 | D:2      | Gained mutation: You evolve. [potion of beneficial mutation]
  1002 | D:3      | Killed Robin
  1107 | D:3      | Noticed Terence
  1119 | D:3      | Killed Terence
  1119 | D:3      | Gained mutation: You are partially covered in icy blue scales (AC +1). [demonic ancestry]
  1119 | D:3      | Reached XP level 4. HP: 10/33 MP: 4/7
  1168 | D:3      | Found an oddly glowing altar of Pakellas.
  1250 | D:4      | Learned a level 3 spell: Spectral Weapon
  1340 | D:4      | Reached skill level 1 in Hexes
  1358 | D:4      | Gained mutation: You sometimes gain power by taking damage. [demonic ancestry]
  1358 | D:4      | Reached XP level 5. HP: 26/38 MP: 0/8
  1596 | D:5      | Entered Level 5 of the Dungeon
  1614 | D:5      | Learned a level 3 spell: Regeneration
  1688 | D:5      | Found Xapryeno's Jewellery Shop.
  1801 | D:5      | Noticed Duvessa
  1801 | D:5      | Noticed Dowan
  1802 | D:5      | NOPE
  1819 | D:5      | Noticed a slave
  1820 | D:5      | Noticed a slave
  1827 | D:5      | Noticed Pikel
  1880 | D:5      | DOUBLE NOPE
  1918 | D:6      | KENTARO
  1985 | D:6      | Found a sacrificial altar of Ru.
  2001 | D:6      | Gained mutation: You have a pair of small horns on your head. [demonic ancestry]
  2001 | D:6      | Reached XP level 6. HP: 37/44 MP: 9/9
  2034 | D:6      | Reached skill level 5 in Polearms
  2203 | D:7      | Gained mutation: Your flesh is heat resistant. [evolution]
  2230 | D:7      | Reached XP level 7. HP: 27/50 MP: 3/10
  2290 | D:7      | Noticed a hungry ghost
  2316 | D:7      | Killed a hungry ghost
  2379 | D:7      | Reached skill level 5 in Hexes
  2549 | D:6      | Found a shadowy altar of Dithmenos.
  2550 | D:6      | Found a sacrificial altar of Ru.
  2596 | D:6      | Found a staircase to the Ecumenical Temple.
  2605 | Temple   | Entered the Ecumenical Temple
  2703 | D:7      | Found a shadowy altar of Dithmenos.
  2968 | D:8      | Reached XP level 8. HP: 24/57 MP: 7/11
  3021 | D:8      | Identified Lee's Disquisition on Earthen Conjuration
  3106 | D:8      | Reached skill level 3 in Fighting
  3109 | D:8      | Reached skill level 1 in Necromancy
  3190 | D:8      | Found a deep blue altar of Sif Muna.
  3190 | D:8      | Found an opulent altar of Gozag.
  3254 | D:9      | Found Tamiu's Gadget Shoppe.
  3361 | D:9      | ASHEN PLS
  3364 | D:9      | Found a shattered altar of Ashenzari.
  3397 | D:9      | Became a worshipper of Ashenzari the Shackled
  3576 | D:9      | HYDER!!!
  3612 | D:9      | Reached skill level 4 in Fighting
  3667 | D:10     | Entered Level 10 of the Dungeon
  3679 | D:9      | Noticed a troll
  3698 | D:9      | Killed a troll
  3746 | D:9      | Gained mutation: You are mostly covered in icy blue scales (AC +3, EV -1). [demonic ancestry]
  3746 | D:9      | Reached XP level 9. HP: 60/66 MP: 9/12
  3823 | D:9      | Reached skill level 5 in Charms
  3887 | D:9      | Reached skill level 5 in Fighting
  3935 | D:9      | Reached skill level 5 in Necromancy
  4036 | D:10     | Reached skill level 6 in Fighting
  4043 | D:10     | Noticed a hill giant
  4092 | D:10     | Noticed a troll
  4157 | D:11     | Noticed a kobold demonologist
  4158 | D:11     | Noticed a rust devil
  4167 | D:10     | Killed a troll
  4167 | D:10     | Reached XP level 10. HP: 77/77 MP: 8/13
  4228 | D:11     | Found a frozen archway.
  4284 | IceCv    | Entered an ice cave
  4328 | IceCv    | Noticed an ice statue
  4328 | IceCv    | Noticed an ice statue
  4348 | IceCv    | Killed an ice statue
  4348 | IceCv    | Reached skill level 7 in Fighting
  4550 | IceCv    | Killed an ice statue
  4771 | IceCv    | Reached skill level 8 in Fighting
  5358 | IceCv    | Identified the ring of Reiwkerch {+Fly MR++ Str+4}
  5491 | D:11     | Gained mutation: You are completely covered in icy blue scales (AC +4, EV -1, rC+). [demonic ancestry]
  5491 | D:11     | Reached XP level 11. HP: 86/86 MP: 10/14
  5502 | D:11     | Found a shimmering altar of Xom.
  5502 | D:11     | Found a shimmering altar of Xom.
  5503 | D:11     | Found a shimmering altar of Xom.
  5503 | D:11     | Found a shimmering altar of Xom.
  5503 | D:11     | Found a shimmering altar of Xom.
  5558 | D:11     | Noticed an eight-headed hydra
  5613 | D:11     | Killed an eight-headed hydra
  5613 | D:11     | Reached skill level 5 in Dodging
  5681 | D:11     | Noticed a hill giant
  5685 | D:11     | Noticed no0bjke's ghost (journeyman GrBe)
  5712 | D:11     | Killed a hill giant
  5806 | D:11     | Gained mutation: Armour fits poorly on your strangely shaped body. [evolution]
  5951 | D:10     | Noticed a four-headed hydra
  5970 | D:10     | Killed a four-headed hydra
  5970 | D:10     | Reached skill level 9 in Fighting
  5970 | D:10     | Reached skill level 10 in Polearms
  6017 | D:10     | Found a staircase to the Lair.
  6096 | D:10     | Killed a hill giant
  6202 | Lair:1   | Entered Level 1 of the Lair of Beasts
  6314 | Lair:1   | Reached * piety under Ashenzari
  6684 | D:5      | Killed Pikel
  6794 | D:5      | Bought the ring "Vuptudghugh" {rPois rF+ MR+ MP+9 Str-2} for 507 gold pieces
  6812 | D:5      | Killed Dowan
  6837 | D:5      | Killed Duvessa
  6843 | D:5      | thanks based FORMER SLAVE
  7067 | Lair:2   | Noticed an eight-headed hydra
  7078 | Lair:2   | Killed an eight-headed hydra
  7078 | Lair:2   | Gained mutation: You regenerate health from kills. [demonic ancestry]
  7078 | Lair:2   | Reached XP level 12. HP: 97/97 MP: 15/15
  7093 | Lair:2   | Found a labyrinth entrance.
  7098 | Lab      | Entered a labyrinth
  7504 | Lab      | Noticed a minotaur
  7505 | Lab      | Identified the +8 short sword "Ixorio" {freeze, rN+ Int-5 Dex+4}
  7595 | Lab      | Killed a minotaur
  7595 | Lab      | Identified the +6 shortbow "Vaipp" {venom, rPois Str+6 Dex+4} (You took it off a minotaur in a labyrinth)
  7595 | Lab      | Identified the +11 eveningstar "Likypp" {crush, rF+ rN+ Str+4 Dex+3} (You took it off a minotaur in a labyrinth)
  7595 | Lab      | Reached skill level 10 in Fighting
  7603 | Lab      | Identified the Disquisition on Orientation (You found it in a labyrinth)
  7607 | Lab      | Identified the Collected Works on the Oath (You found it in a labyrinth)
  7612 | Lab      | Got the uncursed pair of gloves "Iczown" {MR+ Dex+2}
  7618 | Lab      | Identified the -3 pair of gloves "Iczown" {MR+ Dex+2} (You found it in a labyrinth)
  7786 | Lair:2   | Gained mutation: You are covered in fur (AC +1). [evolution]
  7851 | Lair:2   | Reached ** piety under Ashenzari
  8183 | Lair:4   | Found a basalt altar of Yredelemnul.
  8336 | Lair:5   | Reached skill level 11 in Fighting
  8385 | Lair:5   | Noticed a five-headed hydra
  8401 | Lair:5   | Killed a five-headed hydra
  8598 | Lair:6   | Found a staircase to the Shoals.
  8847 | Lair:7   | Gained mutation: You are powered by pain. [demonic ancestry]
  8847 | Lair:7   | Reached XP level 13. HP: 106/106 MP: 16/16
  8879 | Lair:8   | Entered Level 8 of the Lair of Beasts
  8879 | Lair:8   | Reached *** piety under Ashenzari
  8908 | Lair:8   | Found a blossoming altar of Fedhas.
  9163 | Lair:8   | Reached skill level 10 in Dodging
  9215 | Lair:8   | Reached skill level 12 in Fighting
  9568 | Lair:8   | Found a staircase to the Slime Pits.
  9570 | Lair:8   | Found a viscous altar of Jiyva.
  9690 | Lair:8   | Noticed a fire dragon
  9702 | Lair:8   | Reached skill level 1 in Armour
  9744 | Lair:8   | Killed a fire dragon
 10057 | Lair:5   | Gained mutation: Your flesh is very heat resistant. [demonic ancestry]
 10057 | Lair:5   | Reached XP level 14. HP: 116/116 MP: 17/17
 10169 | Lair:5   | Learned a level 3 spell: Ozocubu's Armour
 10245 | Lair:3   | Reached skill level 1 in Ice Magic
 10559 | D:12     | Found a stormy altar of Qazlal.
 10708 | D:12     | Noticed Maud
 10727 | D:12     | Killed Maud
 10727 | D:12     | Reached skill level 13 in Fighting
 10744 | D:12     | Found Ezihair's Antique Armour Shoppe.
 10755 | D:12     | Bought a transparent chain mail for 218 gold pieces
 10755 | D:12     | Identified the +6 chain mail "Idomumn" {Int+5} (You bought it in a shop on level 12 of the Dungeon)
 10860 | D:12     | Learned a level 1 spell: Apportation
 10925 | D:10     | Found a staircase to the Orcish Mines.
 11031 | Orc:1    | Entered Level 1 of the Orcish Mines
 11100 | Orc:1    | Reached skill level 1 in Translocations
 11231 | Orc:2    | Entered Level 2 of the Orcish Mines
 11260 | Orc:2    | Found a staircase to the Elven Halls.
 11267 | Orc:2    | Reached **** piety under Ashenzari
 11516 | Orc:1    | Noticed a stone giant
 11539 | Orc:1    | Killed a stone giant
 11558 | Orc:1    | Found Qabriducw's Distillery.
 11561 | Orc:1    | Bought a potion of heal wounds for 55 gold pieces
 11744 | Orc:2    | Noticed Saint Roka
 11771 | Orc:2    | Killed Saint Roka
 11951 | Orc:2    | Found Jujyud's Antique Weapon Shop.
 11965 | Orc:2    | Found Poti's Antique Weapon Emporium.
 12028 | Orc:2    | Found Qyma's Distillery.
 12043 | Orc:2    | Found Wizol's General Store.
 12049 | Orc:2    | Bought a potion of cure mutation for 250 gold pieces
 12049 | Orc:2    | Bought a potion of resistance for 100 gold pieces
 12049 | Orc:2    | Bought a potion of agility for 40 gold pieces
 12049 | Orc:2    | Bought a potion of curing for 30 gold pieces
 12051 | Orc:2    | Bought a scroll of teleportation for 45 gold pieces
 12051 | Orc:2    | Bought a scroll of remove curse for 45 gold pieces
 12053 | Orc:2    | Bought a potion of cure mutation for 250 gold pieces
 12183 | Orc:1    | Identified the +10 flail "Need" {freeze, Int+4 Stlth-}
 12183 | Orc:1    | Identified the +11 scimitar "Aruamojiri" {holy, rPois}
 12188 | Orc:1    | Identified the ring "Host" {+Fly rC+}
 12411 | Orc:1    | Noticed a fire giant
 12414 | Orc:1    | Reached XP level 15. HP: 125/125 MP: 18/18
 12421 | Orc:1    | Reached skill level 5 in Ice Magic
 12426 | Orc:1    | Killed a fire giant
 12430 | Orc:1    | Reached skill level 14 in Fighting
 12799 | D:13     | Found a gate to the Vaults.
 12828 | D:14     | Reached skill level 5 in Translocations
 12892 | D:14     | Found a shimmering altar of Xom.
 13011 | D:15     | Entered Level 15 of the Dungeon
 13012 | D:15     | Found Mosehy's General Store.
 13020 | D:15     | Bought a scroll of remove curse for 45 gold pieces
 13020 | D:15     | Bought a scroll of enchant armour for 112 gold pieces
 13117 | D:15     | Found a staircase to the Depths.
 13118 | D:15     | Noticed a fire giant
 13339 | D:15     | Killed a fire giant
 13700 | D:13     | Noticed Rupert
 13750 | D:13     | Identified the ring "Noithor" {rPois rC+ Str+3 Int+2}
 13827 | D:13     | Killed Rupert
 14190 | Shoals:1 | Entered Level 1 of the Shoals
 14825 | Lair:3   | Found a hole to the Spider Nest.
 14867 | Spider:1 | Entered Level 1 of the Spider Nest
 14893 | Spider:1 | HP: 3/127 [wolf spider (17)]
 14893 | Spider:1 | Slain by a wolf spider

Skill      XL: |  1  2  3  4  5  6  7  8  9 10 11 12 13 14 15 |
---------------+----------------------------------------------+-----
Dodging        | 1 4 7 9 10 12 | 12.9
Charms         | 3 4 6 |  6.2
Polearms       | 2 3 4 5 6 7 8 9 10 12 13 | 13.2
Hexes          | 1 2 4 5 |  5.0
Fighting       | 4 6 8 9 11 12 13 14 | 14.6
Necromancy     | 3 5 6 |  6.0
Armour         | 2 |  2.5
Ice Magic      | 4 6 |  6.3
Translocations | 4 6 |  6.3
Spellcasting   | 3 |  3.5

Action                   |  1- 3 |  4- 6 |  7- 9 | 10-12 | 13-15 || total
-------------------------+-------+-------+-------+-------+-------++-------
Melee: Spear             |   108 |       |       |       |       ||   108
       Trident           |    19 |    95 |   231 |   594 |  1382 ||  2321
       Headbutt          |       |     3 |    35 |   113 |   282 ||   433
Throw: Stone             |       |     1 |       |     1 |       ||     2
 Cast: Infusion          |     2 |     5 |       |     3 |       ||    10
       Spectral Weapon   |       |     2 |    23 |    67 |   114 ||   206
       Regeneration      |       |       |     4 |    43 |    18 ||    65
       Ozocubu's Armour  |       |       |       |       |     7 ||     7
Invok: Curse Item        |       |       |       |     3 |       ||     3
       Scrying           |       |       |       |       |     6 ||     6
 Abil: Evoke Berserk Rag |       |     1 |     2 |     7 |     3 ||    13
       Evoke Flight      |       |       |       |     1 |       ||     1
Evoke: Wand              |       |       |     2 |     2 |     7 ||    11
  Use: Scroll            |     2 |     6 |     4 |    12 |     7 ||    31
       Potion            |     6 |       |       |     3 |     2 ||    11
 Stab: Sleeping          |     2 |     1 |       |     3 |     1 ||     7
       Paralysed         |       |     1 |       |       |       ||     1
       Distracted        |       |       |     4 |     1 |    17 ||    22
  Eat: Chunk             |       |     5 |    13 |     8 |    28 ||    54
       Fruit             |       |       |       |    29 |     8 ||    37
       Meat ration       |       |       |       |     1 |       ||     1
       Pizza             |       |       |       |     1 |     3 ||     4
       Beef jerky        |       |       |       |     1 |     2 ||     3
       Royal jelly       |       |       |       |       |     1 ||     1
Armor: Leather armour    |    32 |    21 |    36 |    27 |       ||   116
       Troll leather arm |       |       |       |    72 |   219 ||   291
Dodge: Dodged            |    76 |    35 |    94 |   277 |   767 ||  1249
